 Dungeon Crawl Stone Soup version 0.25-a0-523-g9afb2ee040 (webtiles) character file.

Game seed: 2928904586176051078, levelgen mode: classic

77 EnegeticOcto the Covered (level 4, -4/42 HPs)
             Began as a Deep Dwarf Fighter on Feb 18, 2020.
             Killed by divine providence
             ... invoked by an orc priest
              (9 damage)
             ... on level 3 of the Dungeon.
             The game lasted 00:01:01 (2115 turns).

EnegeticOcto the Covered (Deep Dwarf Fighter)       Turns: 2115, Time: 00:01:02

Health: -4/42      AC: 11    Str: 21    XL:     4   Next: 14%
Magic:  3/3        EV:  6    Int:  8    God:
Gold:   83         SH:  9    Dex: 12    Spells: 3/3 levels left

rFire    . . .     SeeInvis .   a - +0 war axe
rCold    . . .     Gourm    .   c - +0 kite shield
rNeg     . . .     Faith    .   n - +0 chain mail
rPois    .         Spirit   .   (no helmet)
rElec    .         Reflect  .   l - +1 cloak
rCorr    .         Harm     .   (no gloves)
MR       .....                  (no boots)
Stlth    ..........             (no amulet)
HPRegen  0.00/turn              (no ring)
MPRegen  0.08/turn              (no ring)

@: non-regenerating
A: damage resistance, heal wounds, sense surroundings 1, no regeneration
a: Heal Wounds


You were on level 3 of the Dungeon.
You were not hungry.

You visited 1 branch of the dungeon, and saw 3 of its levels.

You collected 83 gold pieces.

Inventory:

Hand Weapons
 a - a +0 war axe (weapon)
Armour
 c - a +0 kite shield (worn)
 l - a +1 cloak (worn)
 n - a +0 chain mail (worn)
Jewellery
 o - an uncursed ring of poison resistance {unknown}
Scrolls
 f - 5 scrolls of identify {unknown}
 h - 2 scrolls of fear {unknown}
 j - a scroll of enchant armour {unknown}
 p - a scroll of remove curse {unknown}
 q - a scroll of magic mapping {unknown}
Potions
 b - a potion of flight {unknown}
 d - 2 potions of resistance {unknown}
 g - a potion of degeneration {unknown}
 k - a potion of might {@q3}
 m - 2 potions of curing {unknown}
Comestibles
 e - 3 rations
 i - 3 chunks of flesh


   Skills:
 * Level 3.3 Fighting
 * Level 3.1 Axes
 + Level 3.7 Armour
 + Level 1.2 Dodging
 + Level 3.7 Shields


You had 3 spell levels left.
You didn't know any spells.
Your spell library was empty.

Dungeon Overview and Level Annotations

Branches:
Dungeon (3/15)

Altars:


Innate Abilities, Weirdness & Mutations

You are resistant to damage.
You can heal yourself by infusing magical energy.
You passively map a small area around you.
You do not regenerate.


Message History

An orc is nearby!
An orc is nearby!
An orc is nearby!
An orc warrior comes into view. It is wielding a +0 dire flail.
Your shield and chain mail prevent you from hitting the orc.
The orc barely misses you.
Your chain mail prevents you from hitting the orc.
The orc barely misses you. The orc hits you.
You slash the orc!
You kill the orc!
You hit the orc warrior but do no damage.
An orc priest comes into view. It is wielding a +0 short sword.
You block the orc warrior's attack.
You hit the orc warrior.
The orc warrior is moderately wounded.
You block the orc warrior's attack.
You hit the orc warrior but do no damage.
The orc warrior is moderately wounded.
The orc warrior hits you with a +0 dire flail!
You block the orc warrior's attack.
You hit the orc warrior but do no damage.
The orc warrior is moderately wounded.
The orc warrior hits you with a +0 dire flail!
* * * LOW HITPOINT WARNING * * *
You are too injured to fight recklessly!
You are too injured to fight recklessly!
You are too injured to fight recklessly!
You are too injured to fight recklessly!
You are too injured to fight recklessly!
You are too injured to fight recklessly!
You are too injured to fight recklessly!
You feel much better.
The orc warrior hits you with a +0 dire flail!!
You fail to use your ability.
You block the orc warrior's attack.
You feel much better.
The orc warrior hits you with a +0 dire flail!
You feel much better.
The orc priest calls down the wrath of Beogh upon you.
Beogh smites you! You block the orc warrior's attack.
You closely miss the orc warrior.
The orc warrior is lightly wounded.
The orc priest calls upon Beogh to heal the orc warrior.
The orc warrior's wounds heal themselves!
The orc warrior hits you with a +0 dire flail!
You hit the orc warrior but do no damage.
The orc warrior hits you with a +0 dire flail!
You are too injured to fight recklessly!
You are too injured to fight recklessly!
You are too injured to fight recklessly!
You are too injured to fight recklessly!
You are too injured to fight recklessly!
You are too injured to fight recklessly!
You fail to use your ability.
The orc warrior hits you but does no damage.
Your magical essence is drained by the effort!
You feel much better.
The orc warrior hits you with a +0 dire flail!
You closely miss the orc warrior.
The orc priest miscasts a cantrip.
The orc warrior hits you with a +0 dire flail!
The orc priest calls down the wrath of Beogh upon you.
Beogh smites you!
* * * LOW HITPOINT WARNING * * *
You are too injured to fight recklessly!
You are too injured to fight recklessly!
You are too injured to fight recklessly!
You are too injured to fight recklessly!
You are too injured to fight recklessly!
You are too injured to fight recklessly!
You are too injured to fight recklessly!
You are too injured to fight recklessly!
You fail to use your ability.
You block the orc warrior's attack.
You feel much better. You block the orc warrior's attack.
You feel much better. The orc warrior barely misses you.
Your health is already full.
Your health is already full.
Your health is already full.
Your health is already full.
Your health is already full.
You closely miss the orc warrior.
The orc warrior hits you but does no damage.
The orc priest looks encouraged for a moment.
Your shield and chain mail prevent you from hitting the orc warrior.
You block the orc warrior's attack.
You hit the orc warrior but do no damage.
You block the orc warrior's attack.
The orc warrior hits you with a +0 dire flail!
You slash the orc warrior!
The orc warrior is moderately wounded.
The orc priest calls upon Beogh to heal the orc warrior.
The orc warrior is healed somewhat.
The orc warrior barely misses you.
You hit the orc warrior but do no damage.
The orc warrior is lightly wounded.
The orc priest mumbles some strange prayers to Beogh against you.
Beogh smites you!
The orc warrior hits you with a +0 dire flail!!
* * * LOW HITPOINT WARNING * * *
The orc priest invokes the aid of Beogh against you.
Beogh smites you!
You die...

..#### #..#.#
..# ##.#รท# *
..# #.#.# ..#
#####+#.# ..#
#.......# ..#
#.......# *
#.......# ,
#.......######.#
#...[..>.@oo...#
################


You could see an orc warrior and an orc priest.

Vanquished Creatures
  2 adders
  A worm (D:2)
  4 dart slugs
  A leopard gecko (D:3)
  2 orcs (D:3)
  A ball python (D:2)
  6 bats
  2 giant cockroaches (D:2)
  4 goblins
  4 hobgoblins
  3 jackals (D:2)
  A quokka (D:2)
  6 kobolds
  7 rats
44 creatures vanquished.

Notes
Turn   | Place    | Note
-------+----------+-------------------------------------------
     0 | D:1      | EnegeticOcto the Deep Dwarf Fighter began the quest for the
                  | Orb.
     0 | D:1      | Reached XP level 1. HP: 20/20 MP: 1/1
   766 | D:1      | Reached XP level 2. HP: 25/27 MP: 2/2
  1339 | D:2      | Reached XP level 3. HP: 33/34 MP: 3/3
  1375 | D:2      | Reached skill level 1 in Dodging
  2077 | D:3      | Reached XP level 4. HP: 38/42 MP: 4/4
  2090 | D:3      | Noticed an orc warrior
  2107 | D:3      | HP: 1/42 [orc priest/divine providence (14)]
  2115 | D:3      | Killed from afar by an orc priest

Levels and vault maps discovered:
D:1:      dpeg_arrival_chase, layout_basic, hex_tiny
D:2:      layout_loops_ring, serial_bayou_lake_a
D:3:      layout_basic, chequers_temple_overflow_statue_of_worship

Skill      XL: |  1  2  3 |
---------------+----------+-----
Fighting       | 3 |  3.3
Dodging        | 1 |  1.2
Axes           | 3 |  3.1
Armour         | |  3.7
Shields        | |  3.7

Action                   |  1- 3 |  4- 6 || total
-------------------------+-------+-------++-------
Melee: War axe           |   134 |    18 ||   152
 Abil: Heal Wounds       |     1 |     6 ||     7
  Eat: Chunk             |     4 |       ||     4
Armor: Scale mail        |    40 |       ||    40
       Chain mail        |    40 |     3 ||    43
Dodge: Dodged            |    28 |     4 ||    32
Block: Kite shield       |    86 |    10 ||    96

Table legend:
 A = Non-vault XP
 B = Vault XP
 C = Vault XP percentage of total XP
 D = Non-vault monster count
 E = Vault monster count
 F = Vault count percentage of total count
                 A         B        C        D         E       F
            +---------+---------+-------+---------+---------+-------
      Total |     111 |       0 |   0.0 |      44 |       0 |   0.0
            +---------+---------+-------+---------+---------+-------
        D:1 |      15 |       0 |   0.0 |       7 |       0 |   0.0
        D:2 |      66 |       0 |   0.0 |      27 |       0 |   0.0
        D:3 |      30 |       0 |   0.0 |      10 |       0 |   0.0
            +---------+---------+-------+---------+---------+-------
